 Dungeon Crawl Stone Soup version 0.17-a0-1399-gd5b76e1 (webtiles) character file.

105 urechis the Poker (level 4, -1/33 HPs)
             Began as a Merfolk Gladiator on June 19, 2015.
             Slain by urechis's ghost (4 damage)
             ... on level 3 of the Dungeon.
             The game lasted 00:02:46 (1581 turns).

urechis the Poker (Merfolk Gladiator)               Turns: 1581, Time: 00:02:46

Health: -1/33      AC:  4    Str: 15    XL:     4   Next: 83%
Magic:  4/4        EV: 13    Int:  7    God:
Gold:   59         SH:  0    Dex: 15    Spells: 0 memorised, 3 levels left

rFire  . . .     SeeInvis .     a - +0 trident
rCold  . . .     Clarity  .     b - +0 leather armour
rNeg   . . .     SustAt   .     (no shield)
rPois  .         Gourm    .     c - +0 helmet
rElec  .         Spirit   .     (no cloak)
rCorr  .         Warding  .     (no gloves)
rMut   .         Stasis   .     (no boots)
MR     .....                    (no amulet)
Stlth  +.........               (no ring)
                                (no ring)

@: not resistant to hostile enchantments, very unstealthy
A: change form in water, swift swim
a: no special abilities


You were on level 3 of the Dungeon.
You were not hungry.

You visited 1 branch of the dungeon, and saw 3 of its levels.

You collected 59 gold pieces.

Inventory:

Hand weapons
 a - a +0 trident (weapon)
Missiles
 d - 3 throwing nets (quivered)
Armour
 b - a +0 leather armour (worn)
 c - a +0 helmet (worn)
Scrolls
 i - a scroll of amnesia {unknown}
 l - a scroll of enchant armour {unknown}
 n - a scroll of remove curse {unknown}
 p - a scroll of identify {unknown}
 q - 2 scrolls of teleportation {unknown}
Potions
 f - 2 potions of curing {unknown}
 g - 2 potions of magic {unknown}
 j - a potion of lignification {unknown}
 m - 2 potions of agility {unknown}
 o - a potion of ambrosia {unknown}
 r - a potion of poison {unknown}
Comestibles
 e - a bread ration
 h - 2 meat rations
 k - a slice of pizza


   Skills:
 - Level 2.1 Fighting
 + Level 7.8 Polearms
 - Level 2.0 Throwing
 - Level 4.0 Dodging


You had 3 spell levels left.
You didn't know any spells.

Dungeon Overview and Level Annotations

Branches:
Dungeon (3/15)

Altars:
Dithmenos
Qazlal
Trog

Annotations:
D:3 urechis's ghost, average MfGl


Message History

You puncture urechis's ghost!
Urechis's ghost is severely damaged.
Urechis's ghost hits you!
* * * LOW HITPOINT WARNING * * *
You are too injured to fight recklessly!
You are too injured to fight recklessly!
You are too injured to fight recklessly!
You are too injured to fight recklessly!
You are too injured to fight recklessly!
You are too injured to fight recklessly!
You are too injured to fight recklessly!
You are too injured to fight recklessly!
You are too injured to fight recklessly!
You are too injured to fight recklessly!
You are too injured to fight recklessly!
You are too injured to fight recklessly!
You hit urechis's ghost but do no damage.
Urechis's ghost is severely damaged.
Urechis's ghost hits you.
You die...

#.)......######...#####
#.#.###.## #...#
#.#..##. #...# #.##.##.#
#...# #.##.##.### ##.##
#.......#.. ...####
.####.####.# #.....
......####.#####..##.###
.###.......##...@W......
#.#####>##)##.#.#....
#.##.............. #
#.##.##.......####.#
#....(†.##.#### #
####.#####.# #.# #.. #.#
##.. #># ..


You could see urechis's ghost.

Vanquished Creatures
  A worker ant (D:3)
  3 adders
  2 worms (D:2)
  An orc (D:3)
  10 bats
  5 giant cockroaches
  4 jackals (D:2)
  A quokka (D:2)
  3 giant newts (D:1)
  9 goblins
  5 kobolds
  2 rats (D:2)
46 creatures vanquished.

Notes
Turn   | Place    | Note
--------------------------------------------------------------
     0 | D:1      | urechis the Merfolk Gladiator began the quest for the Orb.
     0 | D:1      | Reached XP level 1. HP: 16/16 MP: 1/1
   154 | D:1      | Reached skill level 5 in Polearms
   164 | D:1      | Reached XP level 2. HP: 20/22 MP: 2/2
   509 | D:2      | Reached skill level 6 in Polearms
   509 | D:2      | Reached XP level 3. HP: 27/27 MP: 3/3
   651 | D:2      | Found a shadowy altar of Dithmenos.
   731 | D:2      | Found a stormy altar of Qazlal.
   979 | D:2      | Found a bloodstained altar of Trog.
  1060 | D:2      | Found a faded altar to an unknown god.
  1091 | D:2      | Reached skill level 7 in Polearms
  1091 | D:2      | Reached XP level 4. HP: 33/33 MP: 4/4
  1573 | D:3      | Noticed urechis's ghost (average MfGl)
  1581 | D:3      | Slain by urechis's ghost

Vault maps used:
D:1:      dpeg_arrival_line_fractal, serial_park_tiny_pond
D:2:      lemuel_coloured_pillars_altar, grunt_dithmenos_smoke_and_mirrors,
          nicolae_overflow_crystal_walls, first_bread, ecumenical_altar_1,
          dk_noncrumbling_3

Action                   |  1- 3 |  4- 6 || total
-------------------------+-------+-------++-------
Melee: Trident           |   132 |    49 ||   181
 Stab: Sleeping          |     6 |       ||     6
  Eat: Bread ration      |       |     1 ||     1
       Chunk             |       |     1 ||     1
